 Dungeon Crawl Stone Soup version 0.28-a0-1518-gbe868bca14 (webtiles) character file.

Game seed: 14440064211802259012

55 Ijustatesigmund the Chopper (level 3, 0/34 HPs)
             Began as a Hill Orc Fighter on Jan 17, 2022.
             Slain by Sigmund (6 damage)
             ... on level 2 of the Dungeon.
             The game lasted 00:01:38 (1242 turns).

Ijustatesigmund the Chopper (Hill Orc Fighter)      Turns: 1242, Time: 00:01:38

Health: 0/34       AC:  8    Str: 20    XL:     3   Next: 93%
Magic:  3/3        EV:  9    Int:  8    God:
Gold:   84         SH:  4    Dex: 10    Spells: 2/2 levels left

rFire   . . .      SeeInvis .   a - +0 war axe
rCold   . . .      Faith    .   c - +0 buckler
rNeg    . . .      Spirit   .   b - +0 scale mail
rPois   .          Reflect  .   g - +0 helmet
rElec   .          Harm     .   (no cloak)
rCorr   .          Rampage  .   (no gloves)
Will    .....                   (no boots)
Stlth   ..........              (no amulet)
HPRegen 0.11/turn               (no ring)
MPRegen 0.08/turn               (no ring)

@: mighty, flying
A: no striking features
a: no special abilities


You were on level 2 of the Dungeon.
You visited 1 branch of the dungeon, and saw 2 of its levels.

You collected 84 gold pieces.

Inventory:

Hand Weapons
 a - a +0 war axe (weapon)
Armour
 b - a +0 scale mail (worn)
 c - a +0 buckler (worn)
 g - a +0 helmet (worn)
Jewellery
 e - a ring of flight
Scrolls
 h - a scroll of fog {unknown}
 i - a scroll of vulnerability {unknown}


   Skills:
 + Level 4.3 Fighting
 * Level 4.7 Axes
 - Level 3.2 Armour
 - Level 3.2 Shields


You had 2 spell levels left.
You didn't know any spells.
Your spell library contained the following spells:

 Spells                   Type           Power      Damage    Failure   Level
 Ignite Poison            Fire/Tmut/Pois 0%         N/A       99%         3
 Mephitic Cloud           Conj/Pois/Air  0%         N/A       99%         3
 Freezing Cloud           Conj/Ice/Air   0%         6-21      100%        5


Dungeon Overview and Level Annotations

Branches:
Dungeon (2/15)

Altars:

Annotations:
D:2 Sigmund


Message History

You kill the kobold!
You closely miss something.
You hear some strange, mumbled words.
You are confused.
You are too confused!
You are too confused!
You are too confused!
You are too confused!
You are too confused!
You are too confused!
You are too confused!
You are too confused!
You are too confused!
You are too confused!
You are too confused!
Something hits you. Something hits you but does no damage.
It was a potion of flight.
You feel very buoyant.
You fly up into the air.
You hear some strange, mumbled words.
A puff of flame appears from out of thin air!
The puff of flame misses you.
You closely miss something.
You feel less confused.
You hear some strange, mumbled words.
You are confused.
Something hits you. Something hits you.
Things that are here:
a +0 short sword; 3 stones Something hits you but does no damage.
You miss something.
You hear some strange, mumbled words.
A puff of flame appears from out of thin air!
The puff of flame hits you!
* * * LOW HITPOINT WARNING * * *
You feel less confused. Something hits you.
You die...

...#####.#.#.#....(
...#
#.#...###+######
...#
#.#.#....!......
####
#.#....†$.......
#.#.............
#.+........#####..
#...............
#.....{...(.....
######.)@........
.................
........)........
.................
.......##########
....... .......
....... .......


There were no monsters in sight!

Vanquished Creatures
  An adder (D:2)
  A giant cockroach (D:1)
  7 goblins (D:1)
  6 hobgoblins
  3 quokkas
  3 ball pythons
  9 bats
  3 frilled lizards (D:1)
  7 kobolds
  A rat (D:1)
41 creatures vanquished.

Notes
Turn   | Place    | Note
-------+----------+-------------------------------------------
     0 | D:1      | Ijustatesigmund the Hill Orc Fighter began the quest for
                  | the Orb.
     0 | D:1      | Reached XP level 1. HP: 19/19 MP: 1/1
   120 | D:1      | Reached XP level 2. HP: 27/27 MP: 2/2
   299 | D:1      | Found a faded altar of an unknown god.
   443 | D:1      | Reached XP level 3. HP: 28/33 MP: 3/3
  1217 | D:2      | Noticed Sigmund
  1242 | D:2      | Slain by Sigmund

Illustrated notes

Levels and vault maps discovered:
D:1:      scummos_arrival_simple_crosswalls, layout_loops_cross,
          chequers_ecumenical_altar_simple_redux, kennysheep_flooded_box
D:2:      layout_basic, grunt_decor_fettered, uniq_sigmund, uniq_terence,
          uniq_robin

Skill      XL: |  1  2 |
---------------+-------+-----
Axes           | 3 4 |  4.7
Fighting       | 4 |  4.3
Armour         | |  3.2
Shields        | |  3.2

Action                   || total
-------------------------++-------
Melee: War axe           ||   139
  Use: Potion            ||     2
Armor: Scale mail        ||    79
Dodge: Dodged            ||    79
Block: Buckler           ||    46

Table legend: (Time is in decaauts)
 A = Elapsed time spent in this place.
 B = Non-inter-level travel time spent in this place.
 C = Inter-level travel time spent in this place.
 D = Time resting spent in this place.
 E = Time spent auto-exploring this place.
 F = Levels seen in this place.
 G = Mean time per level.
                   A        B        C        D        E       F      G
               +--------+--------+--------+--------+--------+-----+--------+
         Total |   1288 |   1254 |     34 |      0 |    940 |   2 |  644.0 |
       Dungeon |   1288 |   1254 |     34 |      0 |    940 |   2 |  644.0 |
               +--------+--------+--------+--------+--------+-----+--------+

Top non-repeatable levels by time:
     D:1: 1070 daAuts
     D:2: 217 daAuts
